 Dungeon Crawl Stone Soup version 0.19.1-1-g22dce08 (webtiles) character file.

46 theAP the Stinger (level 3, -2/24 HPs)
             Began as a Demonspawn Venom Mage on Dec 31, 2016.
             Slain by a quokka (3 damage)
             ... on level 1 of the Dungeon.
             The game lasted 00:08:07 (1050 turns).

theAP the Stinger (Demonspawn Venom Mage)           Turns: 1050, Time: 00:08:07

Health: -2/24      AC:  9    Str:  9    XL:     3   Next: 44%
Magic:  0/6        EV: 10    Int: 16    God:
Gold:   33         SH:  0    Dex: 13    Spells: 1 memorised, 5 levels left

rFire  . . .     SeeInvis .     h - +0 club
rCold  . . .     Gourm    .     j - +0 ring mail
rNeg   . . .     Faith    .     (no shield)
rPois  .         Spirit   .     (no helmet)
rElec  .         Reflect  .     k - +1 cloak
rCorr  .         Harm     .     (no gloves)
MR     .....                    (no boots)
Stlth  ++........               (no amulet)
                                (no ring)
                                (no ring)

@: very slightly contaminated
A: hooves 1, molten scales 1, camouflage 1, rot immunity, MP-powered wands
a: no special abilities


You were on level 1 of the Dungeon.
You were hungry.

You visited 1 branch of the dungeon, and saw 2 of its levels.

You collected 33 gold pieces.

Inventory:

Hand Weapons
 f - a +0 dagger of venom
 h - a +0 club (weapon)
Armour
 a - a +0 robe
 e - a +0 ring mail
 j - a +0 ring mail (worn)
 k - a +1 cloak (worn)
Scrolls
 i - a scroll of amnesia {unknown}
Books
 b - a Young Poisoner's Handbook

   Spells                             Type                      Level
   a - Sting                          Conjuration/Poison           1
   b - Mephitic Cloud                 Conjuration/Poison/Air       3
   c - Olgreb's Toxic Radiance        Poison                       4
   d - Alistair's Intoxication        Transmutation/Poison         5
   e - Venom Bolt                     Conjuration/Poison           5
Comestibles
 c - a bread ration
 d - 2 meat rations
 g - 3 fruits
 m - a slice of pizza


   Skills:
 - Level 1.0 Short Blades
 * Level 1.5 Maces & Flails
 - Level 1.9 Dodging
 - Level 1.8 Stealth
 - Level 0.1 Unarmed Combat
 - Level 2.0 Spellcasting
 - Level 0.4 Conjurations
 - Level 4.3 Poison Magic


You had 5 spell levels left.
You knew the following spells:

 Your Spells              Type           Power        Failure   Level  Hunger
a - Sting                 Conj/Pois      #...         24%         1    #......


Dungeon Overview and Level Annotations

Branches:
Dungeon (2/15)

Altars:


Innate Abilities, Weirdness & Mutations

You are partially covered in molten scales. (AC +2)
You are immune to rotting.
You have large cloven feet.
Your skin changes colour to match your surroundings (Stealth+).
You expend magic power (3 MP) to strengthen your wands.


Message History

Press: ? - help, Shift-Dir - straight line, f/p - quokka
Aim: a quokka You miscast Sting.
You smell something strange.
The quokka bites you but does no damage.
Casting: Sting
Confirm with . or Enter, or press ? or * to list all spells.
Aiming: Sting
Press: ? - help, Shift-Dir - straight line, f/p - quokka
Aim: a quokka The sting hits the quokka.
The quokka appears unharmed.
The quokka barely misses you.
Casting: Sting
Confirm with . or Enter, or press ? or * to list all spells.
Aiming: Sting
Press: ? - help, Shift-Dir - straight line, f/p - quokka
Aim: a quokka You miscast Sting.
Nothing appears to happen.
The quokka bites you.
* * * LOW HITPOINT WARNING * * *
You miss the quokka. The quokka bites you.
You die...

#.#.##...#.#.# #.## #
#.#........#.# ### #.# #
#.####...###.###.## #.# #
#.#####.## #.##.#.#### #.# #
#.#.....# #...###...####.#####
#.#.#########.## ##...†........
###.#.# #.....##.###.#.####......
......# #.>...###.#.##.# #......
###.### #....rSr@..###.####.#####
#.#####.....########........###
#...................#####.#....
###########.#######.#..........†.
............# #...#####......
############# ##### #######


You could see an adder, a quokka and a rat.

Vanquished Creatures
  An adder (D:2)
  A dart slug (D:2)
  3 giant cockroaches (D:1)
  2 goblins (D:1)
  9 hobgoblins
  A quokka (D:2)
  A ball python (D:1)
  4 bats (D:1)
  4 frilled lizards (D:1)
  3 kobolds
  5 rats
34 creatures vanquished.

Notes
Turn   | Place    | Note
-------+----------+-------------------------------------------
     0 | D:1      | theAP the Demonspawn Venom Mage began the quest for the Orb.
     0 | D:1      | Reached XP level 1. HP: 13/13 MP: 3/3
   199 | D:1      | Gained mutation: You are immune to rotting. [demonic ancestry]
   199 | D:1      | Reached XP level 2. HP: 10/19 MP: 1/5
   401 | D:1      | Reached skill level 1 in Short Blades
   810 | D:1      | Gained mutation: You are partially covered in molten scales. (AC +2) [demonic ancestry]
   810 | D:1      | Reached XP level 3. HP: 21/24 MP: 6/6
   844 | D:2      | Reached skill level 1 in Maces & Flails
   867 | D:2      | Gained mutation: You expend magic power (3 MP) to strengthen your wands. [potion of mutation]
   867 | D:2      | Gained mutation: Your skin changes colour to match your surroundings (Stealth+). [potion of mutation]
   867 | D:2      | Gained mutation: You have large cloven feet. [potion of mutation]
  1049 | D:1      | HP: 1/24 [quokka (3)]
  1050 | D:1      | Slain by a quokka

Skill      XL: |  1  2  3 |
---------------+----------+-----
Short Blades   | 1 |  1.0
Maces & Flails | 1 |  1.5
Dodging        | |  1.9
Stealth        | |  1.8
Unarmed Combat | |  0.1
Spellcasting   | |  2.0
Conjurations   | |  0.4
Poison Magic   | |  4.3

Action                   || total
-------------------------++-------
Melee: Unarmed           ||    27
       Club              ||    55
       Dagger            ||     2
       Kick              ||     3
 Cast: Sting             ||    42
  Use: Potion            ||     2
  Eat: Chunk             ||     1
Armor: Robe              ||     5
       Ring mail         ||    58
Dodge: Dodged            ||    84
